 Dungeon Crawl Stone Soup version 0.19.1 (webtiles) character file.

212 sveltemanboy the Poker (level 5, 0/31 HPs)
             Began as a Merfolk Ice Elementalist on Dec 3, 2016.
             Was an Initiate of Hepliaklqana.
             Slain by a quokka (4 damage)
             ... on level 3 of the Dungeon.
             The game lasted 00:05:36 (2181 turns).

sveltemanboy the Poker (Merfolk Ice Elementalist)   Turns: 2181, Time: 00:05:36

Health: 0/31       AC:  4    Str:  8    XL:     5   Next: 90%
Magic:  4/8        EV: 13    Int: 16    God:    Hepliaklqana [......]
Gold:   59         SH:  0    Dex: 14    Spells: 3 memorised, 2 levels left

rFire  . . .     SeeInvis .     l - +0 spear
rCold  . . .     Gourm    .     a - +0 robe
rNeg   . . .     Faith    .     (no shield)
rPois  .         Spirit   .     e - +0 helmet
rElec  .         Reflect  .     d - +0 cloak
rCorr  .         Harm     .     (no gloves)
MR     .....                    (no boots)
Stlth  ++........               (no amulet)
                                (no ring)
                                (no ring)

@: no status effects
A: change form in water, swift swim, stealthy swim, reduced essence
a: Recall Ancestor, Ancestor Identity, Renounce Religion


You were on level 3 of the Dungeon.
You worshipped Hepliaklqana.
Hepliaklqana was noncommittal.
You were not hungry.

You visited 1 branch of the dungeon, and saw 3 of its levels.

You collected 59 gold pieces.

Inventory:

Hand Weapons
 l - a +0 spear (weapon)
Armour
 a - a +0 robe (worn)
 d - a +0 cloak (worn)
 e - a +0 helmet (worn)
Scrolls
 h - 4 scrolls of identify {unknown}
 i - 2 scrolls of enchant weapon {unknown}
 j - a scroll of fog {unknown}
 n - a scroll of magic mapping {unknown}
 o - a scroll of random uselessness {unknown}
 q - a scroll of amnesia {unknown}
Potions
 k - a potion of flight {unknown}
 m - a potion of heal wounds {unknown}
Books
 b - a book of Frost

   Spells                             Type                      Level
   a - Freeze                         Ice                          1
   b - Throw Frost                    Conjuration/Ice              2
   c - Ozocubu's Armour               Charms/Ice                   3
   d - Throw Icicle                   Conjuration/Ice              4
   e - Summon Ice Beast               Ice/Summoning                4
Comestibles
 c - 2 bread rations
 f - 4 fruits
 g - 2 chunks of flesh
 p - a meat ration


   Skills:
 + Level 6.0 Polearms
 - Level 2.6 Dodging
 - Level 2.1 Stealth
 - Level 2.0 Spellcasting
 - Level 0.7 Conjurations
 - Level 5.0 Ice Magic


You had 2 spell levels left.
You knew the following spells:

 Your Spells              Type           Power        Failure   Level  Hunger
a - Freeze                Ice            ###.         2%          1    #......
b - Throw Frost           Conj/Ice       ##....       12%         2    ###....
c - Ozocubu's Armour      Chrm/Ice       #.......     21%         3    ###....


Dungeon Overview and Level Annotations

Branches:
Dungeon (3/15)

Altars:
Hepliaklqana


Message History

A hobgoblin comes into view. It is wielding a club.
You barely miss the ogre.
The ogre is severely wounded.
The quokka closely misses you.
Casting: Throw Frost
Confirm with . or Enter, or press ? or * to list all spells.
Aiming: Freeze
Press: ? - help, Shift-Dir - straight line, f/p - ogre
Aim: an ogre, wielding a giant club (severely wounded)
You freeze the ogre.
You kill the ogre!
Your Polearms skill gained 2 levels and is now at level 6!
The hobgoblin shouts!
The leopard gecko barely misses you. The quokka closely misses you.
The leopard gecko bites you.
* * * LOW HITPOINT WARNING * * *
The quokka bites you.
* * * LOW HITPOINT WARNING * * *
The quokka bites you.
You die...

$# .## ..
#########.#
...>)...#.######
..?.............
#......@.....g.#
#....##rl).....#
............$..#
.....#.........#
####..........#
.(..........#
###.###.######
#. .. #. ..


You could see a leopard gecko, a quokka and a hobgoblin.

Vanquished Creatures
  An ogre (D:3)
  Natasha (D:2)
  Terence (D:2)
  A worm (D:2)
  2 dart slugs
  2 leopard geckos (D:1)
  A ball python (D:2)
  3 giant cockroaches
  A goblin (D:1)
  5 hobgoblins
  6 jackals (D:1)
  3 kobolds
  7 bats
  A frilled lizard (D:1)
  5 rats
40 creatures vanquished.

Vanquished Creatures (collateral kills)
  Natasha (D:2)
  A worm (D:2)
  A dart slug (D:2)
  A bat (D:2)
  2 goblins (D:2)
6 creatures vanquished.

Vanquished Creatures (others)
  2 ancestors
2 creatures vanquished.

Grand Total: 48 creatures vanquished

Notes
Turn   | Place    | Note
-------+----------+-------------------------------------------
     0 | D:1      | sveltemanboy the Merfolk Ice Elementalist began the quest for the Orb.
     0 | D:1      | Reached XP level 1. HP: 13/13 MP: 3/3
   114 | D:1      | Reached XP level 2. HP: 19/19 MP: 1/5
   264 | D:1      | Learned a level 2 spell: Throw Frost
   648 | D:1      | Reached XP level 3. HP: 9/24 MP: 0/6
   853 | D:1      | You fall through a shaft!
   853 | D:2      | Noticed Terence
  1399 | D:2      | Found a hazy altar of Hepliaklqana.
  1411 | D:2      | Became a worshipper of Hepliaklqana the Forgotten
  1559 | D:2      | Killed Terence
  1559 | D:2      | Reached skill level 1 in Polearms
  1559 | D:2      | Reached skill level 5 in Ice Magic
  1559 | D:2      | Reached XP level 4. HP: 27/27 MP: 0/7
  1697 | D:2      | Noticed Natasha
  1702 | D:2      | Killed Natasha
  1702 | D:2      | Reached skill level 3 in Polearms
  1868 | D:2      | Noticed Natasha
  1880 | D:2      | Killed Natasha
  1880 | D:2      | Reached skill level 4 in Polearms
  1880 | D:2      | Reached XP level 5. HP: 31/31 MP: 5/8
  1980 | D:2      | Learned a level 3 spell: Ozocubu's Armour
  2169 | D:3      | Noticed an ogre
  2180 | D:3      | Killed an ogre
  2180 | D:3      | Reached skill level 6 in Polearms
  2181 | D:3      | Slain by a quokka

Skill      XL: |  1  2  3  4  5 |
---------------+----------------+-----
Ice Magic      | 4 5 |  5.0
Polearms       | 1 4 6 |  6.0
Dodging        | |  2.6
Stealth        | |  2.1
Spellcasting   | |  2.0
Conjurations   | |  0.7

Action                   |  1- 3 |  4- 6 || total
-------------------------+-------+-------++-------
Melee: Unarmed           |    46 |       ||    46
       Spear             |    15 |    43 ||    58
 Cast: Freeze            |    27 |     5 ||    32
       Throw Frost       |    13 |     7 ||    20
Invok: Ancestor Identity |     1 |       ||     1
 Stab: Sleeping          |     1 |     3 ||     4
  Eat: Chunk             |     3 |     3 ||     6
Armor: Robe              |    18 |     8 ||    26
Dodge: Dodged            |    62 |    17 ||    79
